Map: [ESL] Alcyone

Players

Creator

  • Race: Protoss Protoss
  • Spawn Location: 7:00

Kelazhur - Winner!

  • Race: Terran Terran
  • Spawn Location: 1:00

Event: ESL Spring 2024 Finals

VOD

Have the link to the VOD?

Description

Time

  • Played on: May 31, 2024, 12:37 p.m.
  • Length: 17:25

All games in this series

Show
View Real Time Build Order
Export as new Build Order

Creator Protoss 

Build Orders: 1 Gate Expand, Blink Stalkers, Zealot Archon 

Get SALT Encoding   

  12  0:00  Probe  
  13  0:12  Probe  
  14  0:17  Pylon  
  14  0:24  Probe (Chrono Boost)  
  15  0:36  Probe (Chrono Boost)  
  15  0:38  Gateway  
  16  0:45  Assimilator, Probe (Chrono Boost)  
  17  0:51  Probe  
  18  1:03  Probe  
  19  1:15  Probe  
  20  1:28  Cybernetics Core  
  20  1:37  Nexus  
  20  1:39  Pylon  
  20  1:41  Probe  
  21  1:49  Assimilator  
  21  1:53  Probe  
  22  2:02  Adept (Chrono Boost)  
  22  2:05  Warp Gate, Probe  
  25  2:17  Probe  
  25  2:22  Adept (Chrono Boost)  
  28  2:31  Probe  
  28  2:35  Twilight Council  
  30  2:46  Probe (Chrono Boost)  
  30  2:48  Stalker  
  30  2:49  Probe (Chrono Boost)  
  35  2:59  Probe x2 (Chrono Boost)  
  35  3:04  Probe (Chrono Boost)  
  35  3:07  Probe  
  35  3:08  Blink (Chrono Boost)  
  36  3:16  Probe  
  36  3:19  Probe  
  38  3:28  Probe (Chrono Boost)  
  38  3:29  Gateway  
  38  3:30  Gateway  
  37  3:35  Probe (Chrono Boost)  
  37  3:40  Probe (Chrono Boost)  
  38  3:42  Robotics Facility  
  38  3:47  Probe (Chrono Boost)  
  38  3:48  Probe (Chrono Boost)  
  40  3:49  Pylon  
  40  3:53  Stalker  
  40  3:54  Probe  
  43  3:56  Probe  
  44  4:03  Assimilator  
  44  4:05  Assimilator  
  44  4:06  Probe  
  44  4:08  Probe  
  44  4:09  Pylon  
  46  4:17  Stalker  
  46  4:18  Probe  
  46  4:20  Probe  
  50  4:25  Stalker  
  50  4:26  Stalker  
  50  4:29  Warp Prism  
  50  4:30  Probe  
  57  4:34  Probe  
  58  4:38  Pylon  
  58  4:42  Templar Archives  
  58  4:43  Probe  
  59  4:46  Stalker  
  61  4:59  Stalker  
  63  5:00  Stalker  
  63  5:02  Pylon  
  63  5:04  Shield Battery  
  63  5:05  Observer  
  66  5:20  Nexus, High Templar  
  66  5:21  Probe x2  
  69  5:24  Psionic Storm  
  70  5:30  Pylon  
  70  5:34  Probe x2  
  72  5:38  Pylon  
  72  5:45  High Templar  
  74  5:56  Probe x2  
  76  5:57  High Templar  
  76  6:01  Zealot  
  76  6:02  Gateway  
  76  6:03  Gateway  
  80  6:10  Immortal  
  84  6:14  Probe x2  
  84  6:16  Charge (Chrono Boost)  
  86  6:18  Pylon  
  86  6:26  Zealot  
  86  6:27  Zealot  
  86  6:28  Probe x2  
  86  6:31  High Templar  
  94  6:42  Gateway  
  94  6:44  Gateway  
  94  6:49  Immortal  
  94  6:53  Gateway  
  98  6:57  Zealot x2, Sentry  
  98  6:59  Probe x3  
  107  7:10  Pylon  
  107  7:11  Pylon  
  107  7:13  Pylon  
  107  7:14  Zealot, Sentry  
  111  7:18  Zealot x2  
  111  7:20  Pylon  
  115  7:25  Zealot  
  117  7:33  Pylon  
  117  7:36  High Templar x2  
  121  7:37  Zealot x4  
  121  7:40  Archon  
  121  7:41  Pylon  
  121  7:42  Pylon  
  129  7:45  Stalker  
  129  7:47  Stalker  
  133  7:52  Zealot x3  
  133  7:58  Zealot  
  141  8:00  Zealot x2  
  145  8:12  Zealot x4  
  153  8:24  Warp Prism (Chrono Boost)  
  139  8:30  Zealot x3  
  143  8:34  High Templar x3  
  143  8:35  High Templar  
  151  8:43  Forge  
  151  8:44  Nexus  
  151  8:50  Stalker x3  
  147  9:09  Protoss Ground Weapons Level 1 (Chrono Boost)  
  147  9:13  Archon  
  147  9:15  High Templar  
  147  9:16  Zealot x6  
  147  9:19  Pylon  
  147  9:20  Archon  
  147  9:28  Probe x3  
  147  9:30  Robotics Bay  
  150  9:32  Unknown, Observer  
  151  9:40  Assimilator, Probe x3  
  151  9:41  Assimilator  
  154  9:48  Zealot  
  154  9:49  Zealot  
  154  9:52  Probe x3  
  161  9:53  Robotics Facility  
  161  9:57  Zealot x2, High Templar  
  167  10:02  Photon Cannon  
  165  10:09  Probe x4  
  167  10:14  Shield Battery  
  167  10:15  Disruptor (Chrono Boost), Shield Battery  
  167  10:18  Shield Battery  
  171  10:22  Nexus, High Templar  
  171  10:24  Shield Battery  
  171  10:28  Probe x4  
  177  10:37  Disruptor (Chrono Boost)  
  177  10:41  Disruptor (Chrono Boost), Pylon  
  177  10:42  Dark Shrine  
  181  10:43  Protoss Ground Weapons Level 2 (Chrono Boost)  
  181  10:48  Pylon  
  185  10:59  Shield Battery  
  185  11:00  Photon Cannon  
  185  11:05  Gateway  
  185  11:07  Gateway, Photon Cannon  
  185  11:08  Disruptor (Chrono Boost)  
  185  11:12  Disruptor (Chrono Boost)  
  185  11:15  Stalker x2  
  197  11:20  Pylon  
  197  11:21  Observer  
  197  11:23  High Templar  
  199  11:25  Pylon  
  199  11:33  Gravitic Drive (Chrono Boost)  
  199  11:43  Photon Cannon  
  199  11:44  Photon Cannon  
  194  11:55  Disruptor  
  196  12:04  Immortal  
  200  12:10  Shadow Stride  
  200  12:11  Forge  
  198  12:29  Stalker  
  187  12:40  Stalker x6  
  187  12:41  Dark Templar  
  165  12:58  Probe  
  165  12:59  Protoss Ground Armor Level 1  
  165  13:02  Immortal x2 (Chrono Boost)  
  165  13:03  Zealot x2  
  165  13:06  Nexus  
  153  13:19  Zealot x2  
  151  13:20  Probe x2  
  151  13:21  Cybernetics Core, Probe x2  
  151  13:24  Gateway  
  155  13:27  Dark Templar x3  
  155  13:28  Pylon, Dark Templar x2  
  155  13:30  Photon Cannon  
  165  13:35  Probe x4  
  165  13:36  Robotics Bay  
  165  13:37  Warp Prism (Chrono Boost), Pylon  
  165  13:38  Immortal (Chrono Boost)  
  175  13:45  Dark Templar x2  
  175  13:47  Probe x3  
  177  14:06  Zealot x3  
  177  14:07  Dark Templar x3  
  177  14:09  Immortal  
  172  14:16  Immortal (Chrono Boost)  
  168  14:18  Dark Templar  
  170  14:26  Dark Templar x2  
  170  14:29  Pylon  
  170  14:30  Unknown  
  174  14:33  Dark Templar x2  
  174  14:41  Archon  
  174  14:42  Dark Templar  
  174  14:43  Zealot x2  
  174  14:45  Colossus (Chrono Boost)  
  178  14:52  Zealot  
  178  15:01  Stalker  
  178  15:02  Stalker, Pylon  
  178  15:03  Archon x2  
  178  15:04  Zealot  
  163  15:19  Stalker, Dark Templar  
  163  15:20  Stalker, Zealot  
  139  15:28  Colossus x2 (Chrono Boost)  
  128  15:32  Dark Templar  
  128  15:33  Zealot  
  128  15:41  Stalker  
  128  15:42  Stalker  
  130  15:50  Stalker x3  
  130  15:53  Observer  
  134  16:01  Stalker  
  136  16:05  Gateway  
  136  16:07  Stalker x2, Colossus (Chrono Boost)  
  136  16:09  Immortal (Chrono Boost)  
  150  16:16  Archon  
  150  16:27  Stalker x3, Sentry  
  156  16:34  Dark Templar x2  
  156  16:38  Warp Prism (Chrono Boost)  
  142  16:48  Warp Prism  
  142  16:50  Stalker x4  
  122  17:00  Stalker  
  113  17:07  Stalker x2  
  113  17:12  Stalker  
  113  17:13  Stalker x2  
Show
View Real Time Build Order
Export as new Build Order

Kelazhur Terran - Winner!

Build Orders: Cyclone Opening, Reaper Expand 

Get SALT Encoding   

  12  0:00  SCV  
  13  0:12  SCV  
  14  0:17  Supply Depot  
  14  0:24  SCV  
  15  0:39  SCV  
  15  0:40  Barracks  
  16  0:43  Refinery  
  16  0:51  SCV  
  17  1:03  SCV  
  18  1:15  SCV  
  19  1:28  Orbital Command, Reaper  
  20  1:40  Command Center  
  20  1:46  Supply Depot  
  20  1:53  SCV  
  21  1:59  Marine  
  22  2:06  SCV, Factory  
  23  2:12  Bunker  
  23  2:18  SCV  
  23  2:19  Barracks Reactor  
  24  2:31  SCV  
  25  2:43  SCV  
  26  2:48  Command Center  
  26  2:53  Cyclone  
  26  2:55  SCV  
  29  3:02  Orbital Command  
  29  3:06  Marine  
  29  3:08  Marine  
  29  3:09  SCV  
  32  3:21  SCV  
  33  3:28  SCV  
  33  3:29  Marine x2  
  33  3:31  Factory Tech Lab  
  33  3:33  SCV  
  36  3:42  SCV, Barracks  
  36  3:43  Barracks  
  36  3:47  SCV  
  38  3:50  Siege Tank, Marine x2  
  38  3:52  Refinery  
  38  3:54  SCV  
  44  3:59  SCV  
  44  4:00  Orbital Command  
  45  4:07  SCV  
  45  4:09  Marine x2  
  48  4:11  SCV  
  49  4:19  SCV  
  49  4:22  Siege Tank  
  53  4:25  Bunker  
  53  4:27  SCV x2  
  55  4:32  Marine x2  
  55  4:33  Barracks Tech Lab x2  
  55  4:35  SCV  
  55  4:37  Refinery  
  55  4:38  Refinery  
  58  4:39  SCV x2  
  58  4:42  Supply Depot  
  60  4:45  Supply Depot  
  60  4:48  SCV  
  61  5:04  SCV x2, Marine x3, Siege Tank  
  69  5:07  SCV, Marine  
  69  5:09  Supply Depot  
  69  5:10  Engineering Bay  
  69  5:11  Engineering Bay  
  69  5:12  Stimpack  
  70  5:15  Supply Depot  
  70  5:16  SCV  
  70  5:18  Supply Depot  
  70  5:21  SCV x2  
  72  5:22  Combat Shield  
  72  5:24  Marine  
  72  5:27  Marauder  
  76  5:31  Marine, Marauder  
  76  5:33  SCV  
  76  5:34  SCV  
  81  5:38  Terran Infantry Weapons Level 1  
  81  5:45  Starport  
  81  5:46  Marine  
  81  5:49  SCV x2  
  84  5:50  Factory Reactor  
  84  5:56  Marine, Marauder  
  84  5:57  Marauder  
  86  5:58  SCV  
  86  6:03  Terran Infantry Armor Level 1  
  86  6:04  Marine  
  87  6:07  Missile Turret  
  87  6:10  Barracks  
  88  6:12  Orbital Command, Barracks  
  88  6:13  SCV x2  
  88  6:17  Marine  
  92  6:21  Missile Turret, Marauder  
  92  6:25  SCV  
  92  6:26  SCV  
  92  6:28  Marine, Marauder  
  96  6:34  Marine  
  96  6:37  SCV x2, Armory  
  96  6:38  SCV  
  100  6:41  Factory Reactor  
  100  6:44  Marauder  
  100  6:46  Marine  
  101  6:49  SCV  
  101  6:56  Supply Depot  
  101  6:58  Concussive Shells  
  101  6:59  SCV, Marine, Marauder x2, Medivac  
  109  7:02  Barracks Reactor  
  109  7:05  Supply Depot  
  109  7:08  Supply Depot  
  109  7:17  Marine x2, Refinery, Medivac  
  109  7:18  SCV x3, Ghost Academy, Refinery  
  116  7:26  Marauder x2  
  116  7:29  Medivac  
  122  7:30  SCV x2, Widow Mine x2  
  122  7:34  SCV  
  122  7:36  Marauder  
  131  7:37  Supply Depot  
  131  7:39  Supply Depot  
  131  7:40  Supply Depot  
  131  7:42  SCV x2  
  133  7:58  Marine x2  
  133  7:59  Marauder x2, Medivac  
  133  8:00  SCV  
  133  8:01  Marauder, Widow Mine x2  
  133  8:05  Terran Infantry Weapons Level 2  
  148  8:06  Terran Infantry Armor Level 2  
  148  8:09  Marine x2  
  148  8:12  Medivac  
  149  8:13  SCV x2  
  149  8:18  Supply Depot  
  149  8:19  Supply Depot  
  151  8:22  Supply Depot  
  151  8:24  Ghost  
  151  8:26  Ghost  
  140  8:27  Marine x2  
  140  8:31  Ghost  
  137  8:36  SCV x3  
  137  8:37  Marine  
  141  8:41  Marine  
  141  8:45  Medivac x2  
  141  8:47  Command Center, Widow Mine x2  
  141  8:48  Marine x2  
  148  8:56  Ghost  
  147  9:05  Marine, Marauder  
  149  9:10  Marine x2  
  149  9:11  Marauder  
  149  9:15  Medivac x2  
  149  9:16  Widow Mine x2  
  150  9:18  Marine  
  150  9:23  Barracks  
  151  9:24  Barracks x2  
  151  9:25  Marauder  
  151  9:26  Marine  
  151  9:27  Marauder  
  151  9:28  Marine x2  
  158  9:32  Marauder  
  158  9:35  SCV, Marine  
  158  9:36  SCV x2  
  164  9:43  Widow Mine x2  
  164  9:44  Marine  
  164  9:45  Medivac x2  
  171  9:46  Ghost  
  171  9:47  Ghost  
  171  9:49  SCV x3  
  180  10:06  Marine, Marauder  
  178  10:14  Barracks Tech Lab x3, Marine x2  
  178  10:15  Marauder, Medivac x2  
  178  10:21  Missile Turret  
  186  10:23  Missile Turret  
  186  10:27  Ghost, Widow Mine x2  
  186  10:28  Marine x3  
  195  10:29  SCV  
  195  10:33  Supply Depot  
  196  10:39  Terran Infantry Weapons Level 3  
  196  10:44  Terran Infantry Armor Level 3  
  196  10:55  SCV x2, Marine x2  
  200  11:05  Planetary Fortress  
  200  11:07  Refinery x2  
  200  11:11  Command Center  
  199  11:46  Viking  
  200  11:48  Command Center  
  200  11:49  Viking  
  200  11:50  Sensor Tower  
  200  11:51  Command Center  
  200  11:53  Marine  
  200  11:57  Marauder  
  200  11:59  Marauder  
  200  12:04  Marine  
  200  12:05  Marine, Marauder  
  200  12:08  Widow Mine  
  198  12:27  Marauder  
  198  12:41  Marine x2, Marauder  
  198  12:42  Marine x4, Marauder x2  
  195  12:48  Marine  
  195  12:49  Medivac x2  
  175  12:59  Marine x2  
  175  13:00  Marine x4  
  175  13:03  Marauder  
  175  13:04  Marauder x2  
  185  13:06  Marauder  
  183  13:16  Marine  
  183  13:17  Marine  
  183  13:18  Marine, Marauder x2  
  183  13:19  Marine  
  182  13:24  Marauder  
  182  13:25  Marauder x2  
  182  13:26  Planetary Fortress  
  188  13:27  Orbital Command, Marine  
  189  13:34  Marine x2  
  189  13:35  Marine  
  189  13:37  Fusion Core  
  188  13:42  Terran Ship Weapons Level 1  
  188  13:43  Starport, Personal Cloaking  
  188  13:44  Factory Reactor  
  188  13:46  Refinery  
  188  13:49  Command Center  
  188  13:52  Liberator x2, Command Center  
  188  13:53  Planetary Fortress  
  194  13:56  Command Center x2  
  194  14:02  Ghost x2  
  194  14:03  Marauder  
  194  14:05  Missile Turret  
  194  14:09  Marauder  
  176  14:14  Marine, Marauder x2  
  170  14:25  Marauder  
  170  14:27  Liberator x2  
  170  14:28  Advanced Ballistics  
  173  14:34  Liberator  
  173  14:35  Liberator  
  173  14:36  Ghost x2  
  173  14:38  Marauder x2  
  187  14:39  Marine x4, Marauder  
  187  14:42  Hi-Sec Auto Tracking, Neosteel Armor  
  191  14:46  Marauder  
  191  14:52  Widow Mine x2  
  194  14:56  Marine  
  194  14:57  Marine x3  
  194  14:59  Marine x2  
  196  15:00  Marine  
  196  15:06  Marauder x2  
  194  15:07  Marine  
  194  15:09  Liberator x2  
  173  15:15  Marine  
  173  15:16  Widow Mine  
  173  15:17  Liberator x2, Marauder, Widow Mine  
  173  15:18  Marauder  
  173  15:19  Marauder  
  163  15:27  Marauder  
  150  15:28  Orbital Command  
  150  15:30  Marine x3, Marauder x2  
  150  15:33  Marine  
  151  15:38  Marine, Widow Mine x2  
  151  15:39  Marine  
  151  15:40  Marine  
  156  15:47  Marine  
  156  15:48  Marine x3  
  158  15:51  Marine x2  
  158  15:52  Liberator x2, Marauder  
  158  15:56  Marine, Marauder  
  163  15:58  Marauder  
  163  16:04  Orbital Command, SCV x5  
  168  16:05  Marine x3, Ghost  
  168  16:06  Planetary Fortress  
  168  16:09  Marauder  
  177  16:13  Marauder  
  177  16:14  Marine  
  177  16:15  Marauder  
  182  16:21  Caduceus Reactor  
  182  16:24  Medivac x2  
  182  16:25  Marauder  
  185  16:26  Marine x3, Marauder  
  185  16:30  Marine  
  188  16:34  Marine, Ghost x2  
  188  16:36  Marine  
  184  16:47  Ghost x2  
  184  16:48  Marine x2, Marauder  
  164  16:54  Marauder  
  164  16:59  Marine  
  163  17:03  Marauder x2  
  163  17:07  Marine x3  
Tags
 
Add a new tag
Caveats
  • Supply blocks, unpowered buildings, or Contaminate may cause inaccurate times.
  • Supply counts are checked every 10 seconds.